 Dungeon Crawl Stone Soup version 0.28.0-43-g3370ac3207 (webtiles) character file.

Game seed: 12440167569830530599

940 Descartes the Covert (level 7, -3/31 HPs)
             Began as a Felid Delver on Mar 9, 2022.
             Slain by an iguana (10 damage)
             ... on level 7 of the Dungeon.
             The game lasted 00:10:24 (7426 turns).

Descartes the Covert (Felid Delver)                 Turns: 7426, Time: 00:10:24

Health: -3/31      AC:  2    Str: 10    XL:     7   Next: 88%
Magic:  8/8        EV: 20    Int: 18    God:
Gold:   399        SH:  0    Dex: 17    Spells: 6/6 levels left
                                        Lives:  0   Deaths: 2

rFire   . . .      SeeInvis +     - Unarmed
rCold   . . .      Faith    .   (shield unavailable)
rNeg    . . .      Spirit   .   (armour unavailable)
rPois   .          Reflect  .   (helmet unavailable)
rElec   .          Harm     .   (cloak unavailable)
rCorr   .          Rampage  .   (gloves unavailable)
Will    +....                   (boots unavailable)
Stlth   +++++.....              r - amulet of regeneration
HPRegen 0.90/turn               i - ring of wizardry
MPRegen 0.11/turn               s - +6 ring of intelligence

@: quick
A: very small, claws 1, fangs 3, see invisible, speed 1, shaggy fur 2, stealthy
paws, no weapons or thrown items, no armour, multi-lived
a: no special abilities


You were on level 7 of the Dungeon.
You visited 2 branches of the dungeon, and saw 8 of its levels.

You collected 399 gold pieces.

Inventory:

Missiles
 m - 174 stones
Jewellery
 i - a ring of wizardry (left paw)
 r - an amulet of regeneration (around neck)
 s - a +6 ring of intelligence (right paw)
Wands
 e - a wand of digging (3)
 p - a wand of mindburst (11)
 w - a wand of paralysis (8)
 y - a wand of flame (16)
 z - a wand of acid (16)
Scrolls
 a - a scroll of fog
 b - 2 scrolls of magic mapping
 c - a scroll of fear
 g - 2 scrolls of torment {unknown}
 l - 2 scrolls of vulnerability {unknown}
 o - 2 scrolls of teleportation {unknown}
 q - 3 scrolls of identify {unknown}
 t - 2 scrolls of holy word {unknown}
 u - 2 scrolls of immolation {unknown}
 B - a scroll of summoning {unknown}
Potions
 d - 2 potions of haste
 f - a potion of lignification {unknown}
 h - 3 potions of berserk rage {unknown}
 j - 3 potions of mutation {unknown}
 k - 3 potions of curing {unknown}
 n - a potion of heal wounds {unknown}
 v - a potion of ambrosia {unknown}
 x - 3 potions of attraction {unknown}
 A - a potion of brilliance {unknown}


   Skills:
 - Level 3.0 Fighting
 + Level 6.2 Dodging
 * Level 11.1 Stealth
 + Level 4.7 Unarmed Combat
 + Level 5.2 Translocations
 + Level 3.9 Transmutations
 + Level 4.0 Evocations


You had 6 spell levels left.
You didn't know any spells.
Your spell library contained the following spells:

 Spells                   Type           Power      Damage    Failure   Level
 Freeze                   Ice            0%         1d3       9%          1
 Ignite Poison            Fire/Tmut/Pois 4%         N/A       16%         3
 Call Canine Familiar     Summ           0%         N/A       26%         3
 Frozen Ramparts          Ice            0%         1d2       26%         3
 Mephitic Cloud           Conj/Pois/Air  0%         N/A       26%         3
 Stone Arrow              Conj/Erth      0%         3d7       26%         3
 Animate Dead             Necr           0%         N/A       61%         4
 Hailstorm                Conj/Ice       0%         3d3       61%         4
 Leda's Liquefaction      Hex/Erth       0%         N/A       61%         4
 Borgnjor's Vile Clutch   Necr/Erth      0%         N/A       91%         5
 Death Channel            Necr           0%         N/A       100%        6
 Iron Shot                Conj/Erth      0%         9d1       100%        6
 Lehudib's Crystal Spear  Conj/Erth      0%         10d2      100%        8
 Portal Projectile        Hex/Tloc       Unusable   N/A       N/A         3
 Animate Armour           Summ/Erth      Unusable   N/A       N/A         4

Dungeon Overview and Level Annotations

Branches:
Dungeon (7/15)             Temple (1/1) D:6

Altars:
Ashenzari
Cheibriados
Dithmenos
Elyvilon
Hepliaklqana
Kikubaaqudgha
Makhleb
Nemelex Xobeh
Okawaru
Qazlal
Ru
Trog
Uskayaw
Vehumet
Wu Jian
Yredelemnul
Zin
The Shining One

Shops:
D:4 :


Innate Abilities, Weirdness & Mutations

You have sharp claws.
You have razor-sharp teeth.
You have supernaturally acute eyesight. (SInv)
You cover ground quickly. (Speed+)
You are covered in thick fur. (AC +2)
Your paws help you pounce on unaware monsters.
You are incapable of wielding weapons or throwing items.
You cannot wear armour.
You gain extra lives every three experience levels.


Message History

You scratch the bullfrog. You claw the bullfrog.
The bullfrog is almost dead.
The iguana barely misses you. The bullfrog hits you.
You scratch the bullfrog.
You kill the bullfrog!
The iguana bites you!
You are too injured to fight recklessly!
You are too injured to fight recklessly!
You are too injured to fight recklessly!
You are too injured to fight recklessly!
You are too injured to fight recklessly!
You are too injured to fight recklessly!
You are too injured to fight recklessly!
You are too injured to fight recklessly!
You are too injured to fight recklessly!
You are too injured to fight recklessly!
You are too injured to fight recklessly!
You are too injured to fight recklessly!
You are too injured to fight recklessly!
You are too injured to fight recklessly!
You are too injured to fight recklessly!
You are too injured to fight recklessly!
You are too injured to fight recklessly!
You are too injured to fight recklessly!
You are too injured to fight recklessly!
You are too injured to fight recklessly!
You barely miss the iguana. You bite the iguana.
The iguana is lightly wounded.
The iguana misses you.
You scratch the iguana.
The iguana is moderately wounded.
The iguana bites you!
* * * LOW HITPOINT WARNING * * *
You claw the iguana! You claw the iguana.
The iguana is almost dead.
The iguana closely misses you.
You scratch the iguana but do no damage.
The iguana is almost dead.
The iguana bites you!
You die...

#...........#.#
####.###.......#<#
.######..............#
........##.##........#
#######.##.# .......
#....##.......
#...........
#...†.......
##.@####.. #..l.# .
##.#.# #.#... #.$ ...
### ####


You could see an iguana.

Vanquished Creatures
  A steam dragon (D:6)
  A sky beast (D:6)
  A black bear (D:4)
  A necrophage (D:7)
  3 ogres
  2 centaurs
  A phantom (D:6)
  2 bullfrogs (D:7)
  2 jellies
  A gnoll shaman (D:4)
  6 hounds
  A bullfrog skeleton (D:5)
  Natasha (D:2)
  2 iguanas
  3 orc wizards
  A hound zombie (D:5)
  A hound skeleton (D:5)
  4 gnolls
  2 adders
  An ufetubus (D:5)
  A worm (D:3)
  3 dart slugs
  9 orcs
  7 endoplasms
  6 giant cockroaches
  4 goblins
  5 hobgoblins
  7 jackals (D:2)
  10 kobolds
  6 quokkas
  9 ball pythons
  3 bats
  6 frilled lizards
  6 rats
119 creatures vanquished.

Vanquished Creatures (others)
  5 plants (D:5)
5 creatures vanquished.

Grand Total: 124 creatures vanquished

Notes
Turn   | Place    | Note
-------+----------+-------------------------------------------
     0 | D:5      | Descartes the Felid Delver began the quest for the Orb.
     0 | D:5      | Reached XP level 1. HP: 10/10 MP: 2/2
    27 | D:5      | Noticed a centaur
   368 | D:5      | Got the Papyrus of Fiery Confrontation
   468 | D:4      | Noticed an iguana
   480 | D:4      | Reached XP level 2. HP: 10/14 MP: 3/3
   488 | D:4      | Reached skill level 7 in Stealth
   488 | D:4      | Reached XP level 3. HP: 12/17 MP: 4/4
   579 | D:4      | Noticed an ogre
  1354 | D:1      | Reached XP level 4. HP: 9/21 MP: 5/5
  2503 | D:2      | Reached skill level 8 in Stealth
  2895 | D:2      | Found a faded altar of an unknown god.
  2905 | D:2      | Noticed Natasha
  2911 | D:2      | Killed Natasha
  2936 | D:2      | You fall into a shaft and drop 2 floors!
  2936 | D:4      | Found Waph's Book Emporium.
  2956 | D:3      | Reached skill level 1 in Translocations
  2956 | D:3      | Reached XP level 5. HP: 24/24 MP: 6/6
  3042 | D:3      | Found an iron altar of Okawaru.
  3178 | D:3      | Found a white marble altar of Elyvilon.
  3180 | D:3      | Found a hazy altar of Hepliaklqana.
  3288 | D:3      | Reached skill level 1 in Transmutations
  3655 | D:4      | Reached skill level 1 in Evocations
  3723 | D:4      | Noticed a black bear
  3724 | D:4      | Noticed a phantom
  3840 | D:4      | Killed an ogre
  3841 | D:4      | Gained mutation: You are covered in thick fur. (AC +2)
                  | [Felid growth]
  3841 | D:4      | Reached XP level 6. HP: 16/28 MP: 7/7
  4015 | D:4      | Reached skill level 9 in Stealth
  4203 | D:4      | Slain by an ogre
  4204 | D:4      | Reached XP level 5. HP: -5/24 MP: 6/6
  4204 | D:4      | Found a radiant altar of Vehumet.
  4204 | D:4      | Found a sacrificial altar of Ru.
  4356 | D:4      | Killed an ogre
  4357 | D:4      | Reached XP level 6. HP: 28/28 MP: 7/7
  4668 | D:5      | Reached skill level 5 in Dodging
  4936 | D:5      | Reached XP level 7. HP: 5/31 MP: 8/8
  5077 | D:5      | Found a glowing golden altar of the Shining One.
  5555 | D:4      | Found a radiant altar of Vehumet.
  5555 | D:4      | Found a sacrificial altar of Ru.
  6059 | D:6      | HP: 1/28 [ogre/+0 giant spiked club (27)]
  6106 | D:5      | Reached skill level 10 in Stealth
  6270 | D:6      | Found a staircase to the Ecumenical Temple.
  6279 | Temple   | Entered the Ecumenical Temple
  6357 | D:6      | HP: 1/31 [iguana (14)]
  6654 | D:6      | Reached XP level 8. HP: 23/34 MP: 9/9
  6790 | D:6      | Noticed a two-headed ogre
  6820 | D:6      | Demolished by a two-headed ogre
  6821 | D:6      | Reached XP level 7. HP: -17/31 MP: 8/8
  6971 | D:6      | Noticed a steam dragon
  6974 | D:6      | Killed a steam dragon
  7308 | D:7      | Reached skill level 5 in Translocations
  7314 | D:7      | Reached skill level 11 in Stealth
  7426 | D:7      | Slain by an iguana

Illustrated notes

Levels and vault maps discovered:
D:1:      dpeg_arrival_tiny_a, layout_basic,
          nicolae_concentric_dashed_squares_wild
D:2:      minmay_evil_eye, layout_basic, serial_forest,
          infiniplex_forest_straight_3, infiniplex_forest_corner_2,
          infiniplex_forest_lined_room_3, infiniplex_forest_end_1,
          infiniplex_forest_zigzag_1, shapermc_ecumenical_altar_notcrosses,
          uniq_natasha
D:3:      layout_loops_ring, chequers_temple_overflow_statue_of_worship,
          okawaru_gym_becter
D:4:      layout_gridville, gammafunk_temple_overflow_elements, serial_shops,
          shop_statue
D:5:      layout_basic, tso_oasis_becter, nicolae_grassy_gnolls
D:6:      layout_basic, minmay_temple_entry_drinking_statues
D:7:      minmay_angry_zag, layout_loops_cross, jmf_multi_god_temple2,
          uniq_crazy_yiuf_cottage
Temple:   nicolae_temple_x_marks_the_god

Skill      XL: |  1  2  3  4  5  6  7 |
---------------+----------------------+-----
Dodging        | 3 4 5 6 |  6.2
Stealth        | 7 8 9 11 | 11.1
Unarmed Combat | 3 4 |  4.7
Translocations | 1 3 5 |  5.2
Transmutations | 1 2 3 |  3.9
Evocations     | 1 2 4 |  4.0
Fighting       | |  3.0

Action                   |  1- 3 |  4- 6 |  7- 9 || total
-------------------------+-------+-------+-------++-------
Melee: Unarmed           |    99 |   249 |   159 ||   507
       Bite              |    12 |    19 |    23 ||    54
       Punch             |     2 |     5 |     8 ||    15
 Stab: Sleeping          |     6 |    29 |     4 ||    39
       Distracted        |       |     1 |       ||     1
Armor: Skin              |     2 |    18 |     7 ||    27
Dodge: Dodged            |    81 |   253 |   145 ||   479
